 Dungeon Crawl Stone Soup version 0.27.1-16-g815e20cd7a (webtiles) character file.

Game seed: 6061226723571749397

884 ces the Covert (level 7, -1/33 HPs)
             Began as a Spriggan Brigand on Nov 22, 2021.
             Succumbed to a scorpion's poison
             ... on level 5 of the Dungeon.
             The game lasted 00:09:48 (7621 turns).

ces the Covert (Spriggan Brigand)                   Turns: 7621, Time: 00:09:49

Health: -1/33      AC:  3    Str:  7    XL:     7   Next: 76%
Magic:  17/17      EV: 16    Int: 13    God:
Gold:   160        SH:  0    Dex: 18    Spells: 6/6 levels left

rFire    + . .     SeeInvis +   a - +2 dagger
rCold    x . .     Faith    .   (shield restricted)
rNeg     . . .     Spirit   .   b - +0 robe
rPois    .         Reflect  .   (helmet restricted)
rElec    .         Harm     .   c - +0 cloak
rCorr    .         Rampage  .   (gloves unavailable)
Will     +....                  (boots unavailable)
Stlth    ++++++....             l - amulet of magic regeneration
HPRegen  0.11/turn              i - ring of fire
MPRegen  0.40/turn              s - ring of magical power

@: lethally poisoned (-1 -> -28), very quick
A: very small, no large weapons, unfitting armour, see invisible, speed 3
a: no special abilities


You were on level 5 of the Dungeon.
You visited 1 branch of the dungeon, and saw 5 of its levels.

You collected 160 gold pieces.

Inventory:

Hand Weapons
 a - a +2 dagger (weapon)
Missiles
 d - 12 poisoned darts (quivered)
 h - a curare-tipped dart
Armour
 b - a +0 robe (worn)
 c - a +0 cloak (worn)
Jewellery
 i - a ring of fire (left hand)
 l - an amulet of magic regeneration (around neck)
 s - a ring of magical power (right hand)
Wands
 k - a wand of iceblast (9)
Scrolls
 f - 2 scrolls of teleportation {unknown}
 j - 2 scrolls of enchant armour {unknown}
 m - 3 scrolls of identify {unknown}
 n - 2 scrolls of blinking {unknown}
 p - a scroll of noise {unknown}
 q - a scroll of magic mapping {unknown}
 r - a scroll of fog {unknown}
 u - a scroll of silence {unknown}
 v - a scroll of amnesia {unknown}
Potions
 e - a potion of flight
 g - a potion of might
 o - a potion of lignification {unknown}
 t - a potion of berserk rage {unknown}


   Skills:
 - Level 1.5 Fighting
 - Level 2.1 Short Blades
 - Level 2.0 Throwing
 - Level 1.3 Dodging
 + Level 13.9 Stealth
 + Level 1.9 Evocations


You had 6 spell levels left.
You didn't know any spells.
Your spell library was empty.

Dungeon Overview and Level Annotations

Branches:
Dungeon (5/15)
 Temple: D:4-7

Altars:


Innate Abilities, Weirdness & Mutations

You are very small and have problems with some larger weapons.
You are too small for most types of armour.
You have supernaturally acute eyesight. (SInv)
You cover ground extremely quickly. (Speed+++)


Message History

Found a stone staircase leading down.
You open the door.
There is an open door here.
You see here a black bear corpse.
Found 19 stones.
Found a stone staircase leading down.
You feel more attuned to fire.
i - a ring of fire (left hand)
You feel your magic capacity increase.
s - a ring of magical power (right hand)
You start putting on your amulet.
You continue putting on your amulet of magic regeneration. x5
You finish putting on your amulet of magic regeneration.
The amulet cannot attune itself to your exhausted body.
l - an amulet of magic regeneration (around neck) Magic restored.
Your amulet attunes itself to your body and you begin to regenerate magic more quickly.
A scorpion comes into view.
A scorpion is nearby!
A scorpion is nearby!
A scorpion is nearby!
There is a stone staircase leading down here.
You barely miss the scorpion. The scorpion stings you!
You are poisoned.
The scorpion poisons you!
You barely miss the scorpion.
You feel very sick. The scorpion stings you.
You are lethally poisoned!
The scorpion poisons you!
You hit the scorpion but do no damage.
You feel very sick. The scorpion stings you.
You are more poisoned.
The scorpion poisons you!
* * * LOW HITPOINT WARNING * * *
You feel very sick.
* * * LOW HITPOINT WARNING * * *
You feel very sick.
You die...

....#### #.#.##.#.#.
....# ........#
#.#.##.#.#. ....#
#.......#
##.#.#.##.##
....##.##.......#
#..#..##...#
.......##.......#
#..#.##..#..
...##### #......#
#(..##..###. ####
#......# #..##..##
##
#......######..#..##
#
#...s..@.........##
#############...##
#####


You could see a scorpion.

Vanquished Creatures
  A black bear (D:5)
  An ogre (D:4)
  2 phantoms
  A kobold brigand (D:4)
  2 scorpions
  A water moccasin skeleton (D:5)
  A howler monkey (D:5)
  A bullfrog zombie (D:5)
  A hound (D:4)
  A centaur skeleton (D:4)
  2 iguanas
  A gnoll (D:3)
  4 adders
  An adder skeleton (D:4)
  A worm (D:2)
  3 dart slugs (D:1)
  8 orcs
  7 endoplasms
  4 giant cockroaches
  8 goblins
  5 hobgoblins
  4 jackals (D:4)
  4 quokkas
  8 ball pythons
  4 bats
  4 frilled lizards
  11 kobolds
  A quokka skeleton (D:4)
  7 rats
99 creatures vanquished.

Vanquished Creatures (others)
  3 plants
3 creatures vanquished.

Grand Total: 102 creatures vanquished

Notes
Turn   | Place    | Note
-------+----------+-------------------------------------------
     0 | D:1      | ces the Spriggan Brigand began the quest for the Orb.
     0 | D:1      | Reached XP level 1. HP: 10/10 MP: 2/2
   104 | D:1      | Found a faded altar of an unknown god.
   116 | D:1      | Reached skill level 6 in Stealth
   972 | D:1      | Reached XP level 2. HP: 11/14 MP: 3/3
  1400 | D:1      | Reached skill level 7 in Stealth
  2311 | D:2      | Reached XP level 3. HP: 18/18 MP: 4/4
  2498 | D:2      | Reached skill level 8 in Stealth
  3178 | D:2      | Reached XP level 4. HP: 22/22 MP: 5/5
  3807 | D:3      | Noticed a necrophage
  3994 | D:4      | Noticed a scorpion
  3995 | D:4      | Noticed a kobold brigand
  4301 | D:3      | Reached skill level 9 in Stealth
  4588 | D:3      | Reached XP level 5. HP: 12/25 MP: 6/6
  4957 | D:3      | Reached skill level 10 in Stealth
  5365 | D:4      | Reached skill level 11 in Stealth
  5365 | D:4      | Reached XP level 6. HP: 30/30 MP: 7/7
  5718 | D:4      | Reached skill level 12 in Stealth
  6586 | D:4      | Reached XP level 7. HP: 31/33 MP: 8/8
  6913 | D:5      | Entered Level 5 of the Dungeon
  6945 | D:5      | Reached skill level 13 in Stealth
  6945 | D:5      | Reached skill level 1 in Evocations
  7621 | D:5      | Succumbed to a scorpion's poison

Illustrated notes

Levels and vault maps discovered:
D:1:      kilobyte_arrival_exit_the_forest, layout_basic,
          hellmonk_ecumenical_altar_run_dry
D:2:      layout_loops_corners, minmay_misc_feat_x
D:3:      minmay_razor_zed, layout_basic, serial_forest,
          infiniplex_forest_clump_small, infiniplex_forest_lined_corner,
          infiniplex_forest_end_1, infiniplex_forest_pool,
          infiniplex_forest_zigzag_1, infiniplex_forest_straight_4,
          infiniplex_forest_join, minivault_25
D:4:      layout_cave_pools, kennysheep_cluttered_room
D:5:      layout_basic, minmay_parallelograms

Skill      XL: |  1  2  3  4  5  6  7 |
---------------+----------------------+-----
Stealth        | 6 7 8 9 11 12 13 | 13.9
Evocations     | 1 |  1.9
Fighting       | |  1.5
Short Blades   | |  2.1
Throwing       | |  2.0
Dodging        | |  1.3

Action                   |  1- 3 |  4- 6 |  7- 9 || total
-------------------------+-------+-------+-------++-------
Melee: Dagger            |    86 |   128 |    43 ||   257
Throw: Dart              |    26 |    10 |       ||    36
Evoke: Wand              |       |     4 |    11 ||    15
  Use: Potion            |       |       |     4 ||     4
 Stab: Sleeping          |    17 |    24 |     2 ||    43
Armor: Robe              |    12 |    28 |     9 ||    49
Dodge: Dodged            |    55 |   116 |    29 ||   200
